Workbook
Name 管渠工種類: '単価表'!$C$40:$C$75
Name 管渠工単価: '単価表'!$C$40:$D$75

Sheet 様式オ-1（2.5m以下）
A1: 様式オ-1(要領第５条別表ア関係) | J1: 令和8年度（2026年度）単価
A2: 標準額・補助金算出調書【森林作業道整備】（基本幅員2.5ｍ以下） | I2: 申請者が入力する箇所
I3: 札幌市が入力する箇所
B4: 対象林小班
B6: 路線延長 | D6: m
A8: １ 直接工事費の計算
B10: １－１ 土工（路線長）
B11: 基本幅員 | C11: 敷砂利 | D11: 斜度 | E11: 延長 | F11: 土工単価 | G11: 小計 | H11: 合計
B12: 2.5m以下 | D12: 0°～ 14° | F12: =+'単価表'!D5 -> 2130 | G12: =ROUNDDOWN(E12*F12,0) -> 0 | H12: =+SUM(G12:G14) -> 0
C13: なし | D13: 15°～ 24° | F13: =+'単価表'!D6 -> 2440 | G13: =ROUNDDOWN(E13*F13,0) -> 0
D14: 25°～ | F14: =+'単価表'!D7 -> 3340 | G14: =ROUNDDOWN(E14*F14,0) -> 0
D15: 0°～ 14° | F15: =+'単価表'!D8 -> 310 | G15: =ROUNDDOWN(E15*F15,0) -> 0 | H15: =+SUM(G15:G17) -> 0
C16: あり | D16: 15°～ 24° | F16: =+'単価表'!D9 -> 1160 | G16: =ROUNDDOWN(E16*F16,0) -> 0
D17: 25°～ | F17: =+'単価表'!D10 -> 2020 | G17: =ROUNDDOWN(E17*F17,0) -> 0
G18: 土工費 | H18: =+H15+H12 -> 0 | I18: ①
B20: １－２ 敷砂利
B21: 延長 | C21: 敷厚 | D21: 敷幅 | E21: 数量
B22: =+SUM(E15:E17) -> 0 | C22: 0.1 | D22: 2 | E22: =+B22*C22*D22 -> 0 | F22: （補助対象上限）
E23: ↓
B24: 規格 | E24: 数量 | F24: 砂利単価 | G24: 敷均単価 | H24: 小計
B25: 購入数量 | C25: 切込砕石（札幌市） | F25: =+'単価表'!D20 -> 5535 | G25: =+'単価表'!D22 -> 350 | H25: =ROUNDDOWN(+IF(E25=0,0,MIN(E22,E25)*(F25+G25)),0) -> 0
C26: 再生骨材 | F26: =+'単価表'!D21 -> 3321 | G26: =+'単価表'!D22 -> 350 | H26: =ROUNDDOWN(+IF(E26=0,0,MIN(E23,E26)*(F26+G26)),0) -> 0
B27: ※普通購入砂利のみ対応 | G27: 合計 | H27: =+H26+H25 -> 0 | I27: ②
B29: １－３ その他施設整備
B30: 工種 | D30: 規格 | F30: 数量 | G30: 単価 | H30: 小計
B31: 素掘り側溝（排水溝） | D31: 火山灰土・砂・砂質土 | G31: =+'単価表'!D26 -> 89 | H31: =ROUNDDOWN(F31*G31,0) -> 0
B32: ※両側側溝の場合、延長は２度計上すること。 | D32: 粘性土・礫質土 | G32: =+'単価表'!D27 -> 89 | H32: =ROUNDDOWN(F32*G32,0) -> 0
D33: その他（軟岩(Ⅰ)A等） | G33: =+'単価表'!D28 -> 120 | H33: =ROUNDDOWN(F33*G33,0) -> 0
B34: 管渠工 | G34: =+IFERROR(VLOOKUP(D34,管渠工単価,2,FALSE),0) -> 0 | H34: =ROUNDDOWN(G34*F34,0) -> 0
G35: =+IFERROR(VLOOKUP(D35,管渠工単価,2,FALSE),0) -> 0 | H35: =ROUNDDOWN(G35*F35,0) -> 0
G36: =+IFERROR(VLOOKUP(D36,管渠工単価,2,FALSE),0) -> 0 | H36: =ROUNDDOWN(G36*F36,0) -> 0
G37: =+IFERROR(VLOOKUP(D37,管渠工単価,2,FALSE),0) -> 0 | H37: =ROUNDDOWN(G37*F37,0) -> 0
B38: フトン籠工 | G38: =+'単価表'!D29 -> 16567 | H38: =ROUNDDOWN(F38*G38,0) -> 0
B39: 丸太柵工 | G39: =+'単価表'!D30 -> 11150 | H39: =ROUNDDOWN(F39*G39,0) -> 0
B40: 木製路面排水溝 | G40: =+'単価表'!D31 -> 7989 | H40: =ROUNDDOWN(F40*G40,0) -> 0
B41: 横断U字溝（グレーチング蓋） | G41: =+'単価表'!D32 -> 66038 | H41: =ROUNDDOWN(F41*G41,0) -> 0
B42: 洗い越し | D42: 河床路幅４ｍ | G42: =+'単価表'!D33 -> 120495 | H42: =ROUNDDOWN(F42*G42,0) -> 0
D43: 河床路幅５ｍ | G43: =+'単価表'!D34 -> 150608 | H43: =ROUNDDOWN(F43*G43,0) -> 0
D44: 河床路幅６ｍ | G44: =+'単価表'!D35 -> 180718 | H44: =ROUNDDOWN(F44*G44,0) -> 0
B45: 待避所 | G45: =+'単価表'!D36 -> 23565 | H45: =ROUNDDOWN(F45*G45,0) -> 0
G46: 合計 | H46: =+SUM(H31:H45) -> 0 | I46: ③
G48: 直接工事費計 | H48: =+H46+H27+H18 -> 0 | I48: ④=①+②+③
A49: ２ 間接工事費
B51: ２－１ 共通仮設費（積上げ）
C52: 林相 | D52: 規格 | E52: 伐開幅 | F52: 延長 | G52: 伐開単価 | H52: 伐開費
B53: 伐開費 | C53: 笹原・根曲 | E53: 2.5 | G53: =+'単価表'!D79 -> 0 | H53: =ROUNDDOWN(E53*F53*G53,0) -> 0
C54: 疎林 | D54: 30~60㎥/ha | E54: 2.5 | G54: =+'単価表'!D80 -> 119 | H54: =ROUNDDOWN(E54*F54*G54,0) -> 0
C55: 中林 | D55: 60~90㎥/ha | E55: 2.5 | G55: =+'単価表'!D81 -> 199 | H55: =ROUNDDOWN(E55*F55*G55,0) -> 0
C56: 密林 | D56: 90㎥/ha | E56: 2.5 | G56: =+'単価表'!D82 -> 278 | H56: =ROUNDDOWN(E56*F56*G56,0) -> 0
B57: ※笹原・根曲のみの場合、伐開費はなし | G57: 合計 | H57: =SUM(H54:H56) -> 0 | I57: ⑤
B59: ２－２ 現場監督費（「森林環境保全整備事業における標準単価の設定等について」第3の１(1)に該当するもの）
B60: 項目 | G60: 現場監督費率
B61: 現場監督費率（一律加算） | G61: 0.21
G64: 現場監督費 | H64: =ROUNDDOWN((H48+H57)*G61,0) -> 0 | I64: ⑥=率×（④＋⑤）
G66: 間接工事費計 | H66: =+H64+H57 -> 0 | I66: ⑦=⑤+⑥
A68: ３ 標準経費
G69: 直接工事費 | H69: =+H48 -> 0 | I69: ④
G70: 間接工事費 | H70: =+H66 -> 0 | I70: ⑦
G71: 標準経費（税抜き） | H71: =+H69+H70 -> 0 | I71: ④+⑦
A73: ４ 査定経費・補助金額の算出
E74: 区分 | F74: 適用 | G74: 査定係数 | H74: 補助率 | I74: （実質補助率）
B75: 森林経営計画または経営管理実施権配分計画の対象となっているか | E75: 対象 | G75: 170 | H75: 0.4 | I75: =+G75/100*H75 -> 0.68
E76: 対象外 | G76: 90 | H76: 0.4 | I76: =+G76/100*H76 -> 0.36
B78: 消費税の納税対応状況
B79: 下記のいずれかに該当するか | I79: 区分 | J79: 適用
B80: ①一般事業者のうち、課税売上割合が９５％以上かつ課税売上高が５億円以下の場合 | I80: 該当する →税抜き
B81: ②一般事業者のうち、課税売上割合が９５％未満又は課税売上高が５億円超であり、個別対応方式で補助対象経費が課税売上のみに対応する場合
I82: 該当しない →税込み
B83: ③上記以外であって、仕入れに係る消費税等相当額があり、かつ、その金額が明らかな場合
B85: 総括表
B86: 標準額 税抜き | C86: 消費税 | D86: 標準額 適用 | E86: 補助金額
B87: =+H71 -> 0 | C87: =ROUNDDOWN(IF(J80="○",0,B87*0.1),0) -> 0 | D87: =+C87+B87 -> 0 | E87: =IF(F75="○",ROUNDDOWN(D87*I75,-3),ROUNDDOWN(D87*I76,-3)) -> 0 | F87: 標準経費×実質補助率（千円未満切り捨て）
D88: 路線延長 | E88: =+C6 | F88: m
C89: 参考）作業道１ｍあたり | D89: 標準経費 | E89: =+IFERROR(ROUND(D87/E88,0),0) -> 0 | F89: 円/m
D90: 補助金額 | E90: =+IFERROR(ROUND(E87/E88,0),) | F90: 円/m

Sheet 様式オ-2（3.0m以下）
A1: 様式オ-2(要領第５条別表ア関係) | J1: 令和8年度（2026年度）単価
A2: 標準額・補助金算出調書【森林作業道整備】（基本幅員3.0ｍ以下） | I2: 申請者が入力する箇所
I3: 札幌市が入力する箇所
B4: 対象林小班
B6: 路線延長 | D6: m
A8: １ 直接工事費の計算
B10: １－１ 土工（路線長）
B11: 基本幅員 | C11: 敷砂利 | D11: 斜度 | E11: 延長 | F11: 土工単価 | G11: 小計 | H11: 合計
B12: 3.0m以下 | D12: 0°～ 14° | F12: =+'単価表'!D11 -> 1850 | G12: =ROUNDDOWN(E12*F12,0) -> 0 | H12: =+SUM(G12:G14) -> 0
C13: なし | D13: 15°～ 24° | F13: =+'単価表'!D12 -> 2290 | G13: =ROUNDDOWN(E13*F13,0) -> 0
D14: 25°～ | F14: =+'単価表'!D13 -> 3140 | G14: =ROUNDDOWN(E14*F14,0) -> 0
D15: 0°～ 14° | F15: =+'単価表'!D14 -> 330 | G15: =ROUNDDOWN(E15*F15,0) -> 0 | H15: =+SUM(G15:G17) -> 0
C16: あり | D16: 15°～ 24° | F16: =+'単価表'!D15 -> 1060 | G16: =ROUNDDOWN(E16*F16,0) -> 0
D17: 25°～ | F17: =+'単価表'!D16 -> 1970 | G17: =ROUNDDOWN(E17*F17,0) -> 0
G18: 土工費 | H18: =+H15+H12 -> 0 | I18: ①
B20: １－２ 敷砂利
B21: 延長 | C21: 敷厚 | D21: 敷幅 | E21: 数量
B22: =+SUM(E15:E17) -> 0 | C22: 0.1 | D22: 2.5 | E22: =+B22*C22*D22 -> 0 | F22: （補助対象上限）
E23: ↓
B24: 規格 | E24: 数量 | F24: 砂利単価 | G24: 敷均単価 | H24: 小計
B25: 購入数量 | C25: 切込砕石（札幌市 | F25: =+'単価表'!D20 -> 5535 | G25: =+'単価表'!D22 -> 350 | H25: =ROUNDDOWN(+IF(E25=0,0,MIN(E22,E25)*(F25+G25)),0) -> 0
C26: 再生骨材 | F26: =+'単価表'!D21 -> 3321 | G26: =+'単価表'!D22 -> 350 | H26: =ROUNDDOWN(+IF(E26=0,0,MIN(E23,E26)*(F26+G26)),0) -> 0
B27: ※普通購入砂利のみ対応 | G27: 合計 | H27: =+H26+H25 -> 0 | I27: ②
B29: １－３ その他施設整備
B30: 工種 | D30: 規格 | F30: 数量 | G30: 単価 | H30: 小計
B31: 素掘り側溝（排水溝） | D31: 火山灰土・砂・砂質土 | G31: =+'単価表'!D26 -> 89 | H31: =ROUNDDOWN(F31*G31,0) -> 0
B32: ※両側側溝の場合、延長は２度計上すること。 | D32: 粘性土・礫質土 | G32: =+'単価表'!D27 -> 89 | H32: =ROUNDDOWN(F32*G32,0) -> 0
D33: その他（軟岩(Ⅰ)A等） | G33: =+'単価表'!D28 -> 120 | H33: =ROUNDDOWN(F33*G33,0) -> 0
B34: 管渠工 | G34: =+IFERROR(VLOOKUP(D34,管渠工単価,2,FALSE),0) -> 0 | H34: =ROUNDDOWN(G34*F34,0) -> 0
G35: =+IFERROR(VLOOKUP(D35,管渠工単価,2,FALSE),0) -> 0 | H35: =ROUNDDOWN(G35*F35,0) -> 0
G36: =+IFERROR(VLOOKUP(D36,管渠工単価,2,FALSE),0) -> 0 | H36: =ROUNDDOWN(G36*F36,0) -> 0
G37: =+IFERROR(VLOOKUP(D37,管渠工単価,2,FALSE),0) -> 0 | H37: =ROUNDDOWN(G37*F37,0) -> 0
B38: フトン籠工 | G38: =+'単価表'!D29 -> 16567 | H38: =ROUNDDOWN(F38*G38,0) -> 0
B39: 丸太柵工 | G39: =+'単価表'!D30 -> 11150 | H39: =ROUNDDOWN(F39*G39,0) -> 0
B40: 木製路面排水溝 | G40: =+'単価表'!D31 -> 7989 | H40: =ROUNDDOWN(F40*G40,0) -> 0
B41: 横断U字溝（グレーチング蓋） | G41: =+'単価表'!D32 -> 66038 | H41: =ROUNDDOWN(F41*G41,0) -> 0
B42: 洗い越し | D42: 河床路幅４ｍ | G42: =+'単価表'!D33 -> 120495 | H42: =ROUNDDOWN(F42*G42,0) -> 0
D43: 河床路幅５ｍ | G43: =+'単価表'!D34 -> 150608 | H43: =ROUNDDOWN(F43*G43,0) -> 0
D44: 河床路幅６ｍ | G44: =+'単価表'!D35 -> 180718 | H44: =ROUNDDOWN(F44*G44,0) -> 0
B45: 待避所 | G45: =+'単価表'!D36 -> 23565 | H45: =ROUNDDOWN(F45*G45,0) -> 0
G46: 合計 | H46: =+SUM(H31:H45) -> 0 | I46: ③
G48: 直接工事費計 | H48: =+H46+H27+H18 -> 0 | I48: ④=①+②+③
A49: ２ 間接工事費
B51: ２－１ 共通仮設費（積上げ）
C52: 林相 | D52: 規格 | E52: 伐開幅 | F52: 延長 | G52: 伐開単価 | H52: 伐開費
B53: 伐開費 | C53: 笹原・根曲 | E53: 3 | G53: =+'単価表'!D79 -> 0 | H53: =ROUNDDOWN(E53*F53*G53,0) -> 0
C54: 疎林 | D54: 30~60㎥/ha | E54: 3 | G54: =+'単価表'!D80 -> 119 | H54: =ROUNDDOWN(E54*F54*G54,0) -> 0
C55: 中林 | D55: 60~90㎥/ha | E55: 3 | G55: =+'単価表'!D81 -> 199 | H55: =ROUNDDOWN(E55*F55*G55,0) -> 0
C56: 密林 | D56: 90㎥/ha | E56: 3 | G56: =+'単価表'!D82 -> 278 | H56: =ROUNDDOWN(E56*F56*G56,0) -> 0
B57: ※笹原・根曲のみの場合、伐開費はなし | G57: 合計 | H57: =SUM(H54:H56) -> 0 | I57: ⑤
B59: ２－２ 現場監督費（「森林環境保全整備事業における標準単価の設定等について」第3の１(1)に該当するもの）
B60: 項目 | G60: 現場監督費率
B61: 現場監督費率（一律加算） | G61: 0.21
G64: 現場監督費 | H64: =ROUNDDOWN((H48+H57)*G61,0) -> 0 | I64: ⑥=率×（④＋⑤）
G66: 間接工事費計 | H66: =+H64+H57 -> 0 | I66: ⑦=⑤+⑥
A68: ３ 標準経費
G69: 直接工事費 | H69: =+H48 -> 0 | I69: ④
G70: 間接工事費 | H70: =+H66 -> 0 | I70: ⑦
G71: 標準経費（税抜き） | H71: =+H69+H70 -> 0 | I71: ④+⑦
A73: ４ 査定経費・補助金額の算出
E74: 区分 | F74: 適用 | G74: 査定係数 | H74: 補助率 | I74: （実質補助率）
B75: 森林経営計画または経営管理実施権配分計画の対象となっているか | E75: 対象 | G75: 170 | H75: 0.4 | I75: =+G75/100*H75 -> 0.68
E76: 対象外 | G76: 90 | H76: 0.4 | I76: =+G76/100*H76 -> 0.36
B78: 消費税の納税対応状況
B79: 下記のいずれかに該当するか | I79: 区分 | J79: 適用
B80: ①一般事業者のうち、課税売上割合が９５％以上かつ課税売上高が５億円以下の場合 | I80: 該当する →税抜き
B81: ②一般事業者のうち、課税売上割合が９５％未満又は課税売上高が５億円超であり、個別対応方式で補助対象経費が課税売上のみに対応する場合
I82: 該当しない →税込み
B83: ③上記以外であって、仕入れに係る消費税等相当額があり、かつ、その金額が明らかな場合
B85: 総括表
B86: 標準額 税抜き | C86: 消費税 | D86: 標準額 適用 | E86: 補助金額
B87: =+H71 -> 0 | C87: =ROUNDDOWN(IF(J80="○",0,B87*0.1),0) -> 0 | D87: =+C87+B87 -> 0 | E87: =IF(F75="○",ROUNDDOWN(D87*I75,-3),ROUNDDOWN(D87*I76,-3)) -> 0 | F87: 標準経費×実質補助率（千円未満切り捨て）
D88: 路線延長 | E88: =+E18 | F88: m
C89: 参考）作業道１ｍあたり | D89: 標準経費 | E89: =+IFERROR(ROUND(D87/E88,0),0) -> 0 | F89: 円/m
D90: 補助金額 | E90: =+IFERROR(ROUND(E87/E88,0),) | F90: 円/m

Sheet 単価表
A1: 単価表 | D1: 令和8年度（2026年度）単価
A3: １－１ 土工（路線長）
A4: 名称 | B4: 規格① | C4: 規格② | D4: 単価（円/ｍ） | F4: 参考／R7単価
A5: 土工（幅員2.5ｍ以下） | B5: 敷砂利なし | C5: 0°～ 14° | D5: 2130 | F5: 2110
A6: 土工（幅員2.5ｍ以下） | B6: 敷砂利なし | C6: 15°～ 24° | D6: 2440 | F6: 2420
A7: 土工（幅員2.5ｍ以下） | B7: 敷砂利なし | C7: 25°～ | D7: 3340 | F7: 3310
A8: 土工（幅員2.5ｍ以下） | B8: 敷砂利あり | C8: 0°～ 14° | D8: 310 | F8: 300
A9: 土工（幅員2.5ｍ以下） | B9: 敷砂利あり | C9: 15°～ 24° | D9: 1160 | F9: 1150
A10: 土工（幅員2.5ｍ以下） | B10: 敷砂利あり | C10: 25°～ | D10: 2020 | F10: 2000
A11: 土工（幅員3.0ｍ以下） | B11: 敷砂利なし | C11: 0°～ 14° | D11: 1850 | F11: 1550
A12: 土工（幅員3.0ｍ以下） | B12: 敷砂利なし | C12: 15°～ 24° | D12: 2290 | F12: 1910
A13: 土工（幅員3.0ｍ以下） | B13: 敷砂利なし | C13: 25°～ | D13: 3140 | F13: 2640
A14: 土工（幅員3.0ｍ以下） | B14: 敷砂利あり | C14: 0°～ 14° | D14: 330 | F14: 270
A15: 土工（幅員3.0ｍ以下） | B15: 敷砂利あり | C15: 15°～ 24° | D15: 1060 | F15: 880
A16: 土工（幅員3.0ｍ以下） | B16: 敷砂利あり | C16: 25°～ | D16: 1970 | F16: 1650
A18: １－２ 敷砂利
A19: 名称 | B19: 規格① | C19: 規格② | D19: 単価（円/㎥）
A20: 普通砂利・新材（札幌市） | D20: 5535 | F20: 4760
A21: 再生骨材 | D21: 3321 | F21: 3885
A22: 敷き均し | D22: 350 | F22: 336
A24: １－３ その他施設整備（管渠工以外）
A25: 名称 | B25: 内径cm | C25: リスト | D25: 単価（円/ｍ）
A26: 側溝（排水溝） | B26: 土質１ | D26: 89 | F26: 71
A27: 側溝（排水溝） | B27: 土質２ | D27: 89 | F27: 71
A28: 側溝（排水溝） | B28: 土質３ | D28: 120 | F28: 96
A29: フトン籠工 | D29: 16567 | F29: 20471
A30: 丸太柵工 | D30: 11150 | F30: 11017
A31: 木製路面排水溝 | D31: 7989 | F31: 7244
A32: 横断U字溝（グレーチング蓋） | D32: 66038 | F32: 65707
A33: 洗い越し | B33: 河床路幅４ｍ | D33: 120495 | F33: 116055
A34: 洗い越し | B34: 河床路幅５ｍ | D34: 150608 | F34: 145056
A35: 洗い越し | B35: 河床路幅６ｍ | D35: 180718 | F35: 174056
A36: 待避所 | D36: 23565 | F36: 20297
A38: １－３ その他施設整備（管渠工）
A39: 名称 | B39: 内径cm | C39: リスト | D39: 単価（円/ｍ）
A40: コンクリート管 | B40: 25 | C40: =A40&B40&"cm" -> コンクリート管25cm | D40: 6651 | F40: 6161
A41: コンクリート管 | B41: 30 | C41: =A41&B41&"cm" -> コンクリート管30cm | D41: 7533 | F41: 6819
A42: コンクリート管 | B42: 35 | C42: =A42&B42&"cm" -> コンクリート管35cm | D42: 9627 | F42: 8467
A43: コンクリート管 | B43: 40 | C43: =A43&B43&"cm" -> コンクリート管40cm | D43: 11285 | F43: 10199
A44: コンクリート管 | B44: 45 | C44: =A44&B44&"cm" -> コンクリート管45cm | D44: 13852 | F44: 11357
A45: コンクリート管 | B45: 50 | C45: =A45&B45&"cm" -> コンクリート管50cm | D45: 16704 | F45: 13692
A46: コンクリート管 | B46: 60 | C46: =A46&B46&"cm" -> コンクリート管60cm | D46: 23668 | F46: 19369
A47: コンクリート管 | B47: 70 | C47: =A47&B47&"cm" -> コンクリート管70cm | D47: 27884 | F47: 22563
A48: コンクリート管 | B48: 80 | C48: =A48&B48&"cm" -> コンクリート管80cm | D48: 34352 | F48: 28395
A49: コンクリート管 | B49: 90 | C49: =A49&B49&"cm" -> コンクリート管90cm | D49: 42342 | F49: 33628
A50: コンクリート管 | B50: 100 | C50: =A50&B50&"cm" -> コンクリート管100cm | D50: 49255 | F50: 40804
A51: コンクリート管 | B51: 110 | C51: =A51&B51&"cm" -> コンクリート管110cm | E51: 設定なし
A52: コンクリート管 | B52: 120 | C52: =A52&B52&"cm" -> コンクリート管120cm | E52: 設定なし
A53: 鉄筋コンクリートトラフ | C53: 鉄筋コンクリートトラフ | E53: 設定なし
A54: コルゲートパイプ | B54: 40 | C54: =A54&B54&"cm" -> コルゲートパイプ40cm | D54: 16885 | F54: 16539
A55: コルゲートパイプ | B55: 60 | C55: =A55&B55&"cm" -> コルゲートパイプ60cm | D55: 21898 | F55: 21521
A56: コルゲートパイプ | B56: 80 | C56: =A56&B56&"cm" -> コルゲートパイプ80cm | D56: 36197 | F56: 35540
A57: コルゲートパイプ | B57: 100 | C57: =A57&B57&"cm" -> コルゲートパイプ100cm | D57: 41622 | F57: 40964
A58: コルゲートパイプ | B58: 120 | C58: =A58&B58&"cm" -> コルゲートパイプ120cm | D58: 57341 | F58: 56683
A59: コルゲートパイプ | B59: 135 | C59: =A59&B59&"cm" -> コルゲートパイプ135cm | D59: 65146 | F59: 64261
A60: コルゲートパイプ | B60: 150 | C60: =A60&B60&"cm" -> コルゲートパイプ150cm | D60: 70681 | F60: 69796
A61: コルゲートパイプ | B61: 165 | C61: =A61&B61&"cm" -> コルゲートパイプ165cm | D61: 86401 | F61: 85515
A62: コルゲートパイプ | B62: 180 | C62: =A62&B62&"cm" -> コルゲートパイプ180cm | D62: 92489 | F62: 91604
A63: 硬質塩化ビニル管 | B63: 10 | C63: =A63&B63&"cm" -> 硬質塩化ビニル管10cm | D63: 1594 | F63: 1594
A64: 硬質塩化ビニル管 | B64: 15 | C64: =A64&B64&"cm" -> 硬質塩化ビニル管15cm | D64: 3243 | F64: 3243
A65: 硬質塩化ビニル管 | B65: 20 | C65: =A65&B65&"cm" -> 硬質塩化ビニル管20cm | D65: 4859 | F65: 4859
... A75: プラヒューム管 | B75: 60 | C75: =A75&B75&"cm" -> プラヒューム管60cm | D75: 30110 | F75: 28782
A77: ２－１ 伐開費
A78: 名称 | B78: 規格① | C78: 規格② | D78: 単価（円/ｍ）
A79: 伐開費 | B79: 笹原・根曲 | C79: 30~60㎥/ha | D79: 0 | F79: 0
A80: 伐開費 | B80: 疎林 | C80: 30~60㎥/ha | D80: 119 | F80: 115
A81: 伐開費 | B81: 中林 | C81: 60~90㎥/ha | D81: 199 | F81: 192
A82: 伐開費 | B82: 密林 | C82: 90㎥/ha | D82: 278 | F82: 269
